 Dungeon Crawl Stone Soup version 0.30.0 (webtiles) character file.

Game seed: 11776208092448108672

55760 Lynheart the Thaumaturge (level 14, 0/109 HPs)
             Began as a Gnoll Hedge Wizard on Nov 27, 2023.
             Was an Initiate of Gozag.
             Slain by Snorg (5 damage)
             ... on level 1 of the Orcish Mines.
             The game lasted 01:35:02 (29436 turns).

Lynheart the Thaumaturge (Gnoll Hedge Wizard)      Turns: 29436, Time: 01:35:04

Health: 0/109      AC:  9    Str: 11    XL:     14   Next: 78%
Magic:  2/27       EV: 22    Int: 23    God:    Gozag
Gold:   3021       SH:  0    Dex: 15    Spells: 1/37 levels left

rFire   . . .        y - +4 long sword of Faxtipno {distort, Int+3}
rCold   . . .        (no shield)
rNeg    . . .        o - +2 robe {Will+}
rPois   .            c - +2 hat
rElec   .            t - +0 cloak
rCorr   .            (no gloves)
SInv    .            b - +0 pair of boots
Will    ++...        h - amulet of regeneration
Stlth   +++++        p - +5 ring of evasion
HPRegen 1.18/turn    B - +6 ring of intelligence
MPRegen 0.20/turn

%: no passive effects
@: about to teleport, gold aura
A: fangs 1, strong nose, distributed training, low MP 1
a: Renounce Religion, Potion Petition, Call Merchant, Bribe Branch


You were on level 1 of the Orcish Mines.
You worshipped Gozag.
Gozag was most pleased with you.
You visited 3 branches of the dungeon, and saw 19 of its levels.
You also visited: Sewer and Ossuary.

You collected 5502 gold pieces.
You spent 2481 gold pieces at shops.

Inventory:

Hand Weapons
 y - the +4 long sword of Faxtipno (weapon) {distort, Int+3}
   (You bought it in a shop on level 6 of the Dungeon)

   Int:       It affects your intelligence (+3).
Missiles
 f - 2 throwing nets
Armour
 b - a +0 pair of boots (worn)
 c - a +2 hat (worn)
 i - an orb of energy
 o - a +2 robe of willpower (worn)
 t - a +0 cloak (worn)
Magical Staves
 P - a staff of air
Jewellery
 h - an amulet of regeneration (around neck)
 p - a +5 ring of evasion (left hand)
 r - a ring of positive energy
 B - a +6 ring of intelligence (right hand)
 J - a +6 ring of strength
 K - a ring of wizardry
 O - a +4 ring of protection
 Q - a ring of ice
 S - the amulet "Doepsyha" {Faith rF++ rCorr}
   (You found it on level 3 of the Lair of Beasts)

   [amulet of faith]

   It allows you to gain divine favour quickly.
   rF:        It greatly protects you from fire.
   rCorr:     It protects you from acid and corrosion.
 U - the ring of Qamugg {rCorr Str+3 SInv}
   (You found it on level 5 of the Lair of Beasts)

   [ring of resist corrosion]

   Str:       It affects your strength (+3).
   SInv:      It lets you see invisible.
   rCorr:     It protects you from acid and corrosion.
Wands
 l - a wand of paralysis (21)
 n - a wand of iceblast (26)
 D - a wand of flame (65)
 G - a wand of digging (3)
Scrolls
 e - 3 scrolls of immolation
 g - 6 scrolls of amnesia
 w - 2 scrolls of fear
 x - 2 scrolls of magic mapping
 E - 4 scrolls of teleportation
 F - 2 scrolls of enchant weapon
 I - 8 scrolls of identify
 M - 2 scrolls of vulnerability
 N - 3 scrolls of fog
 T - 2 scrolls of noise
 V - 2 scrolls of butterflies {unknown}
 W - 3 scrolls of enchant armour
Potions
 a - 5 potions of might
 d - 3 potions of magic
 j - 3 potions of ambrosia
 k - 3 potions of berserk rage
 m - 3 potions of brilliance
 q - 2 potions of lignification
 s - 3 potions of haste
 u - 2 potions of resistance
 v - 5 potions of curing
 z - 9 potions of flight
 A - 5 potions of heal wounds
 C - 2 potions of invisibility
 H - 3 potions of mutation
Miscellaneous
 L - a lightning rod (4/4)
 R - a piece from Xom's chessboard (15/15)


   Skills:
 + Level 9.9 Fighting
 + Level 9.9 Short Blades
 + Level 9.9 Long Blades
 + Level 9.9 Axes
 + Level 9.9 Maces & Flails
 + Level 9.9 Polearms
 + Level 9.9 Staves
 + Level 9.9 Ranged Weapons
 + Level 9.9 Throwing
 + Level 9.9 Armour
 + Level 10.9 Dodging
 + Level 10.7 Stealth
 + Level 9.9 Shields
 + Level 9.9 Unarmed Combat
 + Level 12.1 Spellcasting
 + Level 8.5 Conjurations
 + Level 8.2 Hexes
 + Level 8.5 Summonings
 + Level 8.2 Necromancy
 + Level 8.5 Translocations
 + Level 8.2 Transmutations
 + Level 8.2 Fire Magic
 + Level 8.2 Ice Magic
 + Level 8.2 Air Magic
 + Level 8.2 Earth Magic
 + Level 8.2 Poison Magic
 + Level 10.7 Invocations
 + Level 9.9 Evocations


You had one spell level left.
You knew the following spells:

 Your Spells              Type           Power      Damage    Failure   Level
a - Magic Dart            Conj           100%       1d8       1%          1
b - Freezing Cloud        Conj/Ice/Air   25%        6-21      4%          5
c - Vhi's Electric Charg  Tloc/Air       100%       N/A       1%          3
d - Mephitic Cloud        Conj/Pois/Air  51%        N/A       1%          3
e - Frozen Ramparts       Ice            100%       1d16      1%          3
f - Hailstorm             Conj/Ice       51%        3d11      1%          3
g - Arcjolt               Conj/Air       25%        1d35      4%          5
h - Swiftness             Air            51%        N/A       1%          3
i - Airstrike             Air            25%        2d(4-20)  1%          4
j - Iskenderun's Mystic   Conj/Tloc      52%        2d11      1%          4
k - Searing Ray           Conj           100%       2d8       1%          2

Your spell library contained the following spells:

 Spells                   Type           Power      Damage    Failure   Level
 Freeze                   Ice            100%       1d10      1%          1
 Shock                    Conj/Air       100%       1d9       1%          1
 Slow                     Hex            100%       N/A       1%          1
 Blink                    Tloc           100%       N/A       1%          2
 Call Imp                 Summ           100%       N/A       1%          2
 Cigotuvi's Dreadful Rot  Necr/Pois/Air  100%       N/A       1%          2
 Poisonous Vapours        Pois/Air       100%       N/A       1%          2
 Dazzling Flash           Conj/Hex       100%       N/A       1%          3
 Ignite Poison            Fire/Tmut/Pois 51%        N/A       1%          3
 Volatile Blastmotes      Fire/Tloc      100%       2d18      1%          3
 Dispel Undead            Necr           51%        3d19      1%          4
 Fulminant Prism          Conj/Hex       25%        3d14      1%          4
 Starburst                Conj/Fire      25%        6d8       22%         6
 Death Channel            Necr           25%        N/A       24%         6
 Maxwell's Capacitive Co  Air            25%        ∞         100%        8


Dungeon Overview and Level Annotations

Branches:
Dungeon (12/15)            Temple (0/1) D:6            Lair (5/5) D:9
  Swamp (0/4) Lair:2       Spider (0/4) Lair:3        Slime (0/5) Lair:5
    Orc (2/2) D:12            Elf (0/3) Orc:2         Sewer (visited)
Ossuary (visited)

Altars:
Ashenzari
Fedhas
Gozag
Hepliaklqana
Makhleb
Nemelex Xobeh
Okawaru
Trog
Uskayaw
Wu Jian
Xom
Yredelemnul
Zin
The Shining One

Shops:
D:2 (   D:3 :(*!   D:5 [   D:6 (   D:10 ?   D:12 =   Orc:2 ?[(!

Annotations:
Orc:1 Snorg


Innate Abilities, Weirdness & Mutations

You have very sharp teeth.
Your uncanny sense of smell can sniff out nearby items.
Your experience applies equally to all skills.
Your magical capacity is low. (-10% MP)


Message History

You hit the orc priest but do no damage.
Space warps horribly around the orc priest!
The orc priest is almost dead.
Snorg bites you! Snorg claws you! x2
The orc priest hits you with a +4 hand axe!
You completely miss the orc priest.
The orc priest is almost dead.
Snorg completely misses you. x2; Snorg claws you but does no damage.
The orc priest completely misses you. Snorg misses you.
Snorg claws you but does no damage. Snorg misses you.
The orc priest attacks as you move away!
The orc priest barely misses you.
Snorg closely misses you. x2; Snorg claws you but does no damage.
The orc priest mumbles some strange prayers to Beogh against you.
Beogh smites you! Snorg closely misses you. Snorg barely misses you.
Snorg completely misses you. Snorg attacks as you move away! Snorg bites you!
Snorg barely misses you. Snorg completely misses you.
The orc priest invokes the aid of Beogh against you.
Beogh smites you!
There is a stone staircase leading up here.
Snorg barely misses you. Snorg closely misses you. Snorg misses you.
Snorg closely misses you. Snorg completely misses you.
Snorg closely misses you.
You climb upwards.
You feel an oppressive heat about you.
There is an entrance to a volcano on this level.
Hurry and find it before the entrance collapses!
The walls and floor vibrate strangely for a moment.
Found 26 gold pieces.
There is a stone staircase leading down here.
You can't see any enemies this would affect, really read the scroll of fear?
Okay, then.
As you read the scroll of teleportation, it crumbles to dust.
You feel strangely unstable.
Snorg completely misses you. x2; Snorg claws you!
* * * LOW HITPOINT WARNING * * *
Snorg bites you!!
* * * LOW HITPOINT WARNING * * *
Snorg claws you.
You die...
Your body crumbles into a pile of gold.

## ###.
#.#.####
#......## $
###. .....#
#....#....#
#..#...#
#....@.#
##.$T###
..........#
......#..##
#....##...
#.^.. #....
...# ....##
.## ..### #
###


You could see Snorg (berserk).

Vanquished Creatures
  Nessos (Lair:4)
  A centaur warrior (D:11)
  3 hydras
  A catoblepas (Lair:5)
  6 two-headed ogres
  A death yak (Lair:3)
  An orc high priest (Orc:2)
  4 skysharks
  A goliath frog (Lair:5)
  A lindwurm (Lair:3)
  Pikel (D:6)
  A deep elf pyromancer (D:12)
  An ugly thing (D:12)
  4 orc sorcerers
  A wolf spider (Lair:3)
  A cyclops (D:12)
  13 elephants
  Joseph (D:8)
  4 black mambas
  19 cane toads
  A gargoyle (D:12)
  Maggie (D:7)
  A torpor snail (Lair:4)
  An unseen horror (D:12)
  4 rime drakes
  3 komodo dragons
  5 trolls
  The ghost of mratface the Poker, an amateur MfFi (D:4)
  14 blink frogs
  3 polar bears
  2 tyrant leeches (Lair:5)
  2 culicivoras (Lair:3)
  A vampire (D:12)
  A shadow (D:10)
  28 yaks
  3 wyverns
  2 basilisks
  A wraith (D:12)
  5 vampire mosquitoes
  Menkaure (D:7)
  A steam dragon (Lair:3)
  A warg (Orc:2)
  2 redbacks (Lair:3)
  10 water moccasins
  2 acid dragons
  Duvessa (D:6)
  A swamp drake (D:12)
  A sky beast (D:8)
  5 black bears
  12 orc warriors
  3 ice beasts
  3 wolves (Lair:3)
  12 centaurs
  6 ogres
  3 lemures (D:6)
  A phantom (D:5)
  4 kobold brigands
  2 gnoll sergeants
  17 bullfrogs
  18 scorpions
  5 wights (D:9)
  Dowan (D:6)
  3 killer bees (D:8)
  3 howler monkeys
  2 electric eels
  2 human zombies (Ossuary)
  2 jellies
  5 centaur zombies (Ossuary)
  4 hounds
  A gnoll bouda (D:10)
  18 orc priests
  2 iguanas
  4 hell rats (Lair:2)
  7 scorpion zombies (Ossuary)
  3 sleepcaps
  34 orc wizards
  4 mummies
  12 gnolls
  13 adders
  5 river rats
  A white imp (D:5)
  3 ufetubi
  6 worms
  4 dart slugs
  63 orcs
  4 ball pythons (D:3)
  12 endoplasms
  4 giant cockroaches
  A gnoll zombie (Ossuary)
  8 goblins
  6 hobgoblins
  12 jackals
  4 quokkas
  8 bats
  4 frilled lizards
  3 goblin zombies (Ossuary)
  4 hobgoblin zombies (Ossuary)
  23 kobolds
  A kobold zombie (Ossuary)
  12 rats
  A fire vortex (Lair:5)
565 creatures vanquished.

Vanquished Creatures (collateral kills)
  2 orcs (D:5)
  A hobgoblin (D:2)
  2 jackals (D:4)
  A kobold (D:4)
  A rat (D:2)
7 creatures vanquished.

Vanquished Creatures (others)
  38 fungi
  120 plants
158 creatures vanquished.

Grand Total: 730 creatures vanquished

Notes
Turn   | Place    | Note
-------+----------+-------------------------------------------
     0 | D:1      | Lynheart the Gnoll Hedge Wizard began the quest for the
                  | Orb.
     0 | D:1      | Reached XP level 1. HP: 13/13 MP: 8/8
   241 | D:1      | Reached XP level 2. HP: 20/20 MP: 3/10
   328 | D:1      | Learned a level 2 spell: Call Imp
   712 | D:1      | Reached XP level 3. HP: 25/25 MP: 8/11
  1168 | D:2      | Found Lipniva's Weapon Shoppe.
  1184 | D:2      | Reached skill level 1 in Invocations
  1206 | D:2      | Reached skill level 1 in Fighting
  1206 | D:2      | Reached skill level 1 in Short Blades
  1206 | D:2      | Reached skill level 1 in Long Blades
  1206 | D:2      | Reached skill level 1 in Axes
  1206 | D:2      | Reached skill level 1 in Maces & Flails
  1206 | D:2      | Reached skill level 1 in Polearms
  1206 | D:2      | Reached skill level 1 in Staves
  1206 | D:2      | Reached skill level 1 in Ranged Weapons
  1206 | D:2      | Reached skill level 1 in Throwing
  1206 | D:2      | Reached skill level 1 in Armour
  1206 | D:2      | Reached skill level 1 in Shields
  1206 | D:2      | Reached skill level 1 in Unarmed Combat
  1206 | D:2      | Reached skill level 1 in Evocations
  1382 | D:2      | Reached XP level 4. HP: 32/32 MP: 10/13
  1460 | D:2      | Learned a level 1 spell: Slow
  1736 | D:2      | Found a faded altar of an unknown god.
  1739 | D:2      | Prayed at the altar of an unknown god.
  1739 | D:2      | Became a worshipper of Gozag Ym Sagoz the Greedy
  1833 | D:2      | Reached skill level 1 in Hexes
  1833 | D:2      | Reached skill level 1 in Necromancy
  1833 | D:2      | Reached skill level 1 in Transmutations
  1833 | D:2      | Reached skill level 1 in Fire Magic
  1833 | D:2      | Reached skill level 1 in Ice Magic
  1833 | D:2      | Reached skill level 1 in Air Magic
  1833 | D:2      | Reached skill level 1 in Earth Magic
  1833 | D:2      | Reached skill level 1 in Poison Magic
  2386 | D:3      | Found Gioschur's Antique Weapon Shop.
  2387 | D:3      | Found Leywuxia's Book Shoppe.
  2604 | D:3      | Found Zofaqar's Assorted Antiques.
  2613 | D:3      | Bought a runed robe for 114 gold pieces
  2825 | D:3      | Found a bloodstained altar of Trog.
  2884 | D:3      | Found Qehotup's Distillery.
  2896 | D:3      | Bought a potion of haste for 120 gold pieces
  2945 | D:3      | Reached XP level 5. HP: 37/37 MP: 10/14
  3130 | D:3      | You fall into a shaft and drop 2 floors!
  3130 | D:5      | Entered Level 5 of the Dungeon
  3239 | D:5      | Noticed an ice beast
  3239 | D:5      | Noticed an ogre
  3263 | D:5      | Killed an ice beast
  3264 | D:5      | Reached XP level 6. HP: 44/44 MP: 1/16
  3274 | D:5      | Reached skill level 5 in Dodging
  3640 | D:5      | Reached XP level 7. HP: 50/51 MP: 4/18
  3646 | D:5      | Learned a level 3 spell: Mephitic Cloud
  4088 | D:5      | Reached skill level 5 in Stealth
  4109 | D:5      | Found Qucuri's Antique Armour Shoppe.
  4525 | D:4      | Found a shimmering altar of Xom.
  4666 | D:4      | Found a burning altar of Makhleb.
  5229 | D:3      | Found an opulent altar of Gozag.
  5239 | D:3      | Found a blossoming altar of Fedhas.
  5740 | D:3      | Bought a book of Frost for 240 gold pieces
  5744 | D:3      | Learned a level 3 spell: Frozen Ramparts
  5748 | D:3      | Learned a level 3 spell: Hailstorm
  5771 | D:4      | Reached XP level 8. HP: 57/58 MP: 19/19
  5846 | D:4      | Learned a level 1 spell: Freeze
  5850 | D:4      | Learned a level 3 spell: Swiftness
  6293 | D:4      | Found a runed translucent door.
  6293 | D:4      | Noticed mratface's ghost (amateur MfFi)
  6341 | D:4      | Killed mratface's ghost
  6514 | D:4      | Reached skill level 8 in Spellcasting
  6618 | D:5      | Found a glowing silver altar of Zin.
  7311 | D:6      | Found a glowing drain.
  7322 | Sewer    | Entered a sewer
  7598 | Sewer    | Found a white marble altar of Elyvilon.
  7682 | D:6      | Noticed Duvessa
  7682 | D:6      | Noticed Dowan
  7690 | D:6      | Killed Dowan
  7691 | D:6      | Reached XP level 9. HP: 63/65 MP: 8/21
  7701 | D:6      | Killed Duvessa
  7826 | D:6      | Found an ornate altar of the Wu Jian Council.
  7840 | D:6      | Found Doareanay's Antique Weapon Shop.
  7872 | D:6      | Bought a polished long sword for 229 gold pieces
  7872 | D:6      | Identified the +4 long sword of Faxtipno {distort, Int+3}
                  | (You bought it in a shop on level 6 of the Dungeon)
  8102 | D:6      | Found an iron altar of Okawaru.
  8276 | D:6      | Noticed Pikel
  8298 | D:6      | Killed Pikel
  8382 | D:6      | Found a staircase to the Ecumenical Temple.
  8396 | D:6      | Learned a level 4 spell: Airstrike
  8576 | D:6      | Reached skill level 5 in Invocations
  9000 | D:7      | Noticed Menkaure
  9004 | D:7      | Killed Menkaure
  9297 | D:7      | Noticed Maggie
  9339 | D:7      | Killed Maggie
  9340 | D:7      | Reached skill level 5 in Fighting
  9340 | D:7      | Reached skill level 5 in Short Blades
  9340 | D:7      | Reached skill level 5 in Long Blades
  9340 | D:7      | Reached skill level 5 in Axes
  9340 | D:7      | Reached skill level 5 in Maces & Flails
  9340 | D:7      | Reached skill level 5 in Polearms
  9340 | D:7      | Reached skill level 5 in Staves
  9340 | D:7      | Reached skill level 5 in Ranged Weapons
  9340 | D:7      | Reached skill level 5 in Throwing
  9340 | D:7      | Reached skill level 5 in Armour
  9340 | D:7      | Reached skill level 5 in Shields
  9340 | D:7      | Reached skill level 5 in Unarmed Combat
  9340 | D:7      | Reached skill level 5 in Evocations
  9340 | D:7      | Reached XP level 10. HP: 74/74 MP: 0/22
  9682 | D:8      | Found a sand-covered staircase.
  9691 | Ossuary  | Entered an ossuary
  9776 | Ossuary  | Reached skill level 9 in Spellcasting
 10019 | Ossuary  | Reached skill level 5 in Conjurations
 10019 | Ossuary  | Reached skill level 5 in Summonings
 10019 | Ossuary  | Reached skill level 5 in Translocations
 10654 | D:3      | Bought a book of Conjurations for 240 gold pieces
 10654 | D:3      | Bought a book of Spectacle for 480 gold pieces
 10659 | D:3      | Learned a level 4 spell: Iskenderun's Mystic Blast
 10662 | D:3      | Learned a level 2 spell: Searing Ray
 10756 | D:8      | Noticed Joseph
 10920 | D:8      | Killed Joseph
 11202 | D:8      | Found a glowing golden altar of the Shining One.
 11323 | D:8      | Noticed a two-headed ogre
 11343 | D:8      | Killed a two-headed ogre
 11536 | D:8      | Reached skill level 5 in Hexes
 11536 | D:8      | Reached skill level 5 in Necromancy
 11536 | D:8      | Reached skill level 5 in Transmutations
 11536 | D:8      | Reached skill level 5 in Fire Magic
 11536 | D:8      | Reached skill level 5 in Ice Magic
 11536 | D:8      | Reached skill level 5 in Air Magic
 11536 | D:8      | Reached skill level 5 in Earth Magic
 11536 | D:8      | Reached skill level 5 in Poison Magic
 11536 | D:8      | Reached XP level 11. HP: 81/81 MP: 18/24
 12456 | D:9      | Learned a level 3 spell: Vhi's Electric Charge
 12674 | D:9      | Noticed a two-headed ogre
 12685 | D:9      | Killed a two-headed ogre
 12840 | D:9      | Found a staircase to the Lair.
 12853 | D:10     | Entered Level 10 of the Dungeon
 12853 | D:10     | Found a hazy altar of Hepliaklqana.
 12855 | D:10     | Found a sparkling altar of Nemelex Xobeh.
 12923 | D:10     | Noticed a two-headed ogre
 12930 | D:10     | Killed a two-headed ogre
 13020 | D:10     | Found Ekkoipt's Magic Scroll Shoppe.
 13082 | D:10     | Bought a scroll of blinking for 120 gold pieces
 13082 | D:10     | Bought a scroll of fog for 64 gold pieces
 13082 | D:10     | Bought a scroll of identify for 32 gold pieces
 13082 | D:10     | Bought a scroll of identify for 32 gold pieces
 13082 | D:10     | Bought a scroll of identify for 32 gold pieces
 13087 | D:10     | Found a broken altar of Ashenzari.
 13123 | D:10     | Noticed a two-headed ogre
 13139 | D:10     | Killed a two-headed ogre
 13227 | D:10     | Found a basalt altar of Yredelemnul.
 13317 | D:10     | Found a hide-covered altar of Uskayaw.
 13317 | D:10     | Noticed a +0 falchion
 13317 | D:10     | Noticed a +0 dagger
 13318 | D:10     | Noticed a +0 spear
 13318 | D:10     | Noticed a +0 short sword
 13319 | D:10     | Noticed a +0 short sword
 13319 | D:10     | Noticed a +0 falchion
 13321 | D:10     | Noticed a +0 dagger
 13321 | D:10     | Noticed a +0 spear
 13588 | D:11     | Noticed a centaur warrior
 13605 | D:11     | Reached skill level 10 in Spellcasting
 13606 | D:11     | Killed a centaur warrior
 13844 | D:11     | Reached XP level 12. HP: 84/91 MP: 6/26
 13942 | D:11     | Noticed a two-headed ogre
 13952 | D:11     | Killed a two-headed ogre
 14197 | D:11     | Noticed a two-headed ogre
 14207 | D:11     | Banished a two-headed ogre
 14342 | D:11     | Found a transporter.
 14774 | D:12     | Noticed a boulder beetle
 14799 | D:12     | Banished a boulder beetle
 15228 | D:12     | Identified the +4 hand axe of the Sea {antimagic, Dex+3}
 15233 | D:12     | Noticed a two-headed ogre
 15373 | D:12     | Killed a two-headed ogre
 15640 | D:12     | Found Zeod's Jewellery Emporium.
 16198 | D:12     | Found a staircase to the Orcish Mines.
 16457 | Lair:1   | Entered Level 1 of the Lair of Beasts
 17240 | Lair:1   | Learned a level 5 spell: Freezing Cloud
 18160 | Lair:2   | Found a staircase to the Swamp.
 18461 | Lair:2   | Reached XP level 13. HP: 98/98 MP: 18/27
 20251 | Lair:3   | Reached skill level 11 in Spellcasting
 20378 | Lair:3   | Found a hole to the Spider Nest.
 20860 | Lair:3   | Identified the amulet "Doepsyha" {Faith rF++ rCorr}
 22491 | Lair:4   | Noticed Nessos
 22613 | Lair:4   | Reached skill level 10 in Dodging
 23322 | Lair:4   | Killed Nessos
 23606 | Lair:5   | Entered Level 5 of the Lair of Beasts
 23829 | Lair:4   | Reached skill level 10 in Stealth
 24225 | Lair:5   | Reached XP level 14. HP: 108/108 MP: 15/29
 24251 | Lair:4   | Reached skill level 10 in Invocations
 24261 | Lair:4   | Learned a level 5 spell: Arcjolt
 25498 | Lair:5   | Found a staircase to the Slime Pits.
 27429 | Lair:5   | Identified the +3 chain mail of the Sky {Fly rF+ rN++
                  | Stlth-}
 27434 | Lair:5   | Identified the ring of Qamugg {rCorr Str+3 SInv}
 27607 | Lair:5   | Reached skill level 12 in Spellcasting
 28118 | Orc:1    | Entered Level 1 of the Orcish Mines
 28258 | Orc:2    | Entered Level 2 of the Orcish Mines
 28258 | Orc:2    | Found a staircase to the Elven Halls.
 28415 | Orc:2    | Gained mutation: Your magical capacity is low. (-10% MP) [a
                  | neqoxec]
 28531 | Orc:2    | Paralysed by an orc sorcerer for 3 turns
 29270 | Orc:2    | Found Rimosif's Distillery.
 29271 | Orc:2    | Found Apy Kich's Antique Armour Emporium.
 29272 | Orc:2    | Found Okke Voe's Magic Scroll Emporium.
 29276 | Orc:2    | Found Cumid's Weapon Shoppe.
 29278 | Orc:2    | Bought a potion of curing for 42 gold pieces
 29278 | Orc:2    | Bought a potion of curing for 42 gold pieces
 29279 | Orc:2    | Bought a twisted ring mail for 207 gold pieces
 29279 | Orc:2    | Identified the +5 ring mail of Atheism {rC+ rCorr Str+3
                  | Stlth-} (You bought it in a shop on level 2 of the Orcish
                  | Mines)
 29283 | Orc:2    | Bought 3 scrolls of enchant armour for 292 gold pieces
 29283 | Orc:2    | Bought a scroll of amnesia for 52 gold pieces
 29283 | Orc:2    | Bought a scroll of teleportation for 39 gold pieces
 29283 | Orc:2    | Bought a scroll of fear for 52 gold pieces
 29283 | Orc:2    | Bought a scroll of amnesia for 52 gold pieces
 29407 | Orc:2    | Noticed Snorg
 29436 | Orc:1    | HP: 5/109 [Snorg (24)]
 29436 | Orc:1    | Slain by Snorg

Illustrated notes

Levels and vault maps discovered:
D:1:      dpeg_arrival_windows_large_door, layout_basic
D:2:      layout_basic, serial_shops, shop,
          hellmonk_ecumenical_altar_defaced_shrine
D:3:      minmay_razor_zed, layout_basic, nicolae_overflow_hidden_temple,
          mainiacjoe_overflow_big_doors, serial_shops,
          nicolae_shop_window_shopping, nicolae_shop_peninsula,
          nicolae_shop_stone, shop
D:4:      layout_basic, brannock_xom_greatest_gift, old_standard_altar,
          gammafunk_ghost_grave
D:5:      minmay_thinvault, layout_loops_corners, lemuel_crystal_altar,
          serial_shops, shop_statue
D:6:      layout_basic, kennysheep_okawaru_gauntlet,
          mainiacjoe_overflow_cross_hatched, minmay_temple_entry_proselytizer,
          lightli_sewer_entry_pipes, serial_shops, nicolae_shop_dealshenge,
          uniq_duvessa, uniq_pikel
D:7:      layout_basic, uniq_menkaure, uniq_maggie
D:8:      layout_loops_ring, nicolae_tso_swordbearing_angel,
          gup_ossuary_entry_pyramid, uniq_joseph
D:9:      layout_long_grid, grunt_lair_entry_orc_guard_hut
D:10:     layout_cave_pools, nicolae_uskayaw_en_pointe,
          gammafunk_temple_overflow_forgotten, ashenzari_altar_1, serial_shops,
          nicolae_shop_hallway_stairs
D:11:     layout_long_grid, nicolae_diode_basic
D:12:     layout_long_grid, erik_orc_1, serial_shops, nicolae_shop_waterfront
Lair:1:   layout_cave_pods, columned_hall_lemuel, serial_bayou_shore_a
Lair:2:   layout_layer_cave, swamp_mist
Lair:3:   nzn_winding_woodlands_medium [nzn_winding_woodlands_5x5_cross,
          nzn_winding_woodlands_5x15_lazy_stream,
          nzn_winding_woodlands_5x5_default,
          nzn_winding_woodlands_5x5_closed_star,
          nzn_winding_woodlands_center_diamonds,
          nzn_winding_woodlands_hourglass, nzn_winding_woodlands_5x5_perimeter,
          nzn_winding_woodlands_5x15_default,
          nzn_winding_woodlands_5x5_default], layout_layer_cave,
          spider_nest_entry_funnel_web, grunt_megastairs_1,
          serial_bayou_shore_b, infiniplex_staircase_pool
Lair:4:   layout_small_grid, serial_bayou_shore_b, infiniplex_staircase_pool_2,
          grunt_megastairs_5, uniq_nessos
Lair:5:   minmay_lair_end_frog_pond, layout_gridlike,
          nicolae_slime_entry_slimehenge
Orc:1:    layout_diamond_mine, lightli_volcano_entry_magma_tube, serial_shops,
          nicolae_shop_getting_attention, uniq_urug
Orc:2:    st_orc_mages, layout_caves, maelrawn_ghost_gauntlet_escape,
          nicolae_orc_sculptors_studio, mines2_david, uniq_snorg

Skill      XL: |  1  2  3  4  5  6  7  8  9 10 11 12 13 14 |
---------------+-------------------------------------------+-----
Conjurations   | 2 3 4 5 6 7 8 |  8.5
Summonings     | 2 3 4 5 6 7 8 |  8.5
Translocations | 2 3 4 5 6 7 8 |  8.5
Invocations    | 1 2 3 4 5 6 7 8 9 10 | 10.7
Fighting       | 1 2 3 5 6 7 8 9 |  9.9
Short Blades   | 1 2 3 5 6 7 8 9 |  9.9
Long Blades    | 1 2 3 5 6 7 8 9 |  9.9
Axes           | 1 2 3 5 6 7 8 9 |  9.9
Maces & Flails | 1 2 3 5 6 7 8 9 |  9.9
Polearms       | 1 2 3 5 6 7 8 9 |  9.9
Staves         | 1 2 3 5 6 7 8 9 |  9.9
Ranged Weapons | 1 2 3 5 6 7 8 9 |  9.9
Throwing       | 1 2 3 5 6 7 8 9 |  9.9
Armour         | 1 2 3 5 6 7 8 9 |  9.9
Shields        | 1 2 3 5 6 7 8 9 |  9.9
Unarmed Combat | 1 2 3 5 6 7 8 9 |  9.9
Evocations     | 1 2 3 5 6 7 8 9 |  9.9
Hexes          | 1 2 3 4 5 6 7 8 |  8.2
Necromancy     | 1 2 3 4 5 6 7 8 |  8.2
Transmutations | 1 2 3 4 5 6 7 8 |  8.2
Fire Magic     | 1 2 3 4 5 6 7 8 |  8.2
Ice Magic      | 1 2 3 4 5 6 7 8 |  8.2
Air Magic      | 1 2 3 4 5 6 7 8 |  8.2
Earth Magic    | 1 2 3 4 5 6 7 8 |  8.2
Poison Magic   | 1 2 3 4 5 6 7 8 |  8.2
Dodging        | 5 6 7 8 9 10 | 10.9
Stealth        | 5 6 7 8 9 10 | 10.7
Spellcasting   | 8 9 10 11 12 | 12.1

Action                     |  1- 3 |  4- 6 |  7- 9 | 10-12 | 13-15 || total
---------------------------+-------+-------+-------+-------+-------++-------
  Melee: Dagger            |    14 |    64 |   185 |       |       ||   263
         Bite              |       |     6 |    28 |    35 |    36 ||   105
         Punch             |       |     2 |     5 |     6 |    13 ||    26
         Long sword        |       |       |    41 |   294 |   213 ||   548
   Cast: Magic Dart        |    82 |   144 |   254 |   302 |    46 ||   828
         Call Imp          |     1 |     3 |     1 |       |       ||     5
         Freeze            |       |       |    40 |     6 |       ||    46
         Frozen Ramparts   |       |       |    19 |    35 |    10 ||    64
         Hailstorm         |       |       |     4 |     7 |     1 ||    12
         Mephitic Cloud    |       |       |     4 |     8 |       ||    12
         Slow              |       |       |     1 |       |       ||     1
         Airstrike         |       |       |     2 |    73 |   230 ||   305
         Searing Ray       |       |       |       |     6 |       ||     6
         Iskenderun's Myst |       |       |       |    17 |    27 ||    44
         Freezing Cloud    |       |       |       |     1 |    20 ||    21
         Arcjolt           |       |       |       |       |     6 ||     6
  Evoke: Wand              |       |       |     1 |       |       ||     1
    Use: Scroll            |     4 |     2 |     6 |    13 |     6 ||    31
         Potion            |     1 |       |       |       |     2 ||     3
   Stab: Sleeping          |       |       |     2 |     1 |     1 ||     4
         Distracted        |       |       |     1 |     2 |     4 ||     7
         Confused          |       |       |     1 |     1 |       ||     2
 Armour: Robe              |     5 |    18 |    50 |    56 |    78 ||   207
  Dodge: Dodged            |    18 |    77 |   220 |   341 |   345 ||  1001
